 Dungeon Crawl Stone Soup version 0.28-a0-535-g6f645e4c1d (webtiles) character file.

Game seed: 6751774122779945601

233 Demosthentine the Poker (level 6, -4/48 HPs)
             Began as a Merfolk Gladiator on Sept 27, 2021.
             Blown up by Pikel (28 damage)
             ... with a mindburst bolt
             ... on level 4 of the Dungeon.
             The game lasted 00:02:11 (2629 turns).

Demosthentine the Poker (Merfolk Gladiator)         Turns: 2629, Time: 00:02:12

Health: -4/48      AC:  4    Str: 21 (22) XL:     6   Next: 4%
Magic:  6/6        EV: 14    Int:  6 (7)  God:
Gold:   199        SH:  0    Dex: 14 (16) Spells: 5/5 levels left

rFire   . . .      SeeInvis .   a - +0 trident
rCold   . . .      Faith    .   (no shield)
rNeg    . . .      Spirit   .   b - +0 leather armour
rPois   .          Reflect  .   c - +0 helmet
rElec   .          Harm     .   (no cloak)
rCorr   .          Rampage  .   (no gloves)
Will    .....                   (no boots)
Stlth   +.........              (no amulet)
HPRegen 0.16/turn               h - +6 ring of strength
MPRegen 0.10/turn               (no ring)

@: very slightly contaminated
A: (nimble swimmer 2), mertail
a: no special abilities


You were on level 4 of the Dungeon.
You visited 1 branch of the dungeon, and saw 4 of its levels.

You collected 199 gold pieces.

Inventory:

Hand Weapons
 a - a +0 trident (weapon)
Missiles
 d - 2 throwing nets (quivered)
Armour
 b - a +0 leather armour (worn)
 c - a +0 helmet (worn)
Jewellery
 h - a +6 ring of strength (left hand)
Scrolls
 f - a scroll of identify
Potions
 e - 2 potions of degeneration
 g - 3 potions of curing
 k - a potion of invisibility
 l - a potion of heal wounds {unknown}


   Skills:
 + Level 3.8 Fighting
 + Level 6.1 Polearms
 - Level 2.0 Throwing
 + Level 1.9 Armour
 + Level 5.4 Dodging


You had 5 spell levels left.
You didn't know any spells.
Your spell library was empty.

Dungeon Overview and Level Annotations

Branches:
Dungeon (4/15)
 Temple: D:4-7

Altars:
Fedhas

Annotations:
D:4 Pikel


Innate Abilities, Weirdness & Mutations

((You are quick and stealthy near water. (Stealth+, EV+, Speed+++)))
Your lower body shifts to a powerful aquatic tail in water.


Message History

The lemure is in the way.
You barely miss the lemure.
The lemure is heavily wounded.
The lemure hits you.
Reach: a) +0 trident
Press: ? - help, Dir - move target, f - lemure, p - Pikel
Aim: a lemure (heavily wounded, about 45% to evade your +0 trident)
You catch the helpless lemure completely off-guard!
You hit the lemure.
The lemure is heavily wounded.
You flicker for a moment.
The lemure misses you.
You miss the lemure.
The lemure is heavily wounded.
The lemure hits you but does no damage.
You feel less attractive to monsters.
You hit the lemure.
The lemure is heavily wounded.
You closely miss Pikel.
Pikel is lightly wounded.
You hit Pikel but do no damage.
Pikel is lightly wounded.
Pikel barely misses you.
You hit Pikel but do no damage.
Pikel is lightly wounded.
You flicker back into view.
Pikel hits you with a +1 whip of freezing.
Pikel freezes you.
Throw: 3 throwing nets
Press: ? - help, Q - select action Shift-Dir - straight line, f - Pikel
Aim: Pikel, wielding a +1 whip of freezing, wearing a +0 robe and carrying a wand of mindburst (14) (lightly wounded, 53% to hit)
You throw a throwing net. The throwing net hits Pikel.
Pikel is caught in the net!
Pikel is lightly wounded.
Pikel zaps a wand.
You barely resist.
Pikel struggles against the net.
You hit Pikel but do no damage.
Pikel is lightly wounded.
You hit Pikel but do no damage.
Pikel is lightly wounded.
Pikel zaps a wand.
Your mind is blasted!
Ouch! That really hurt!
You die...

##.###...## ...
##...########.....
#..#
##....>..........
..#
#...............
.. #..............
. ##............#
#........555.
###......###K#
.##.......###@#
.........#.B.##
.............#
.##........###
###....### #....#
##...# #.....
#.....


You could see Pikel (caught), 2 lemures and a giant cockroach.

Vanquished Creatures
  An ogre (D:2)
  A lemure (D:4)
  An orc priest (D:4)
  4 adders
  An adder skeleton (D:4)
  A dart slug (D:4)
  8 orcs
  5 ball pythons
  4 bats
  8 endoplasms
  3 giant cockroaches
  7 goblins
  4 hobgoblins
  4 jackals (D:3)
  2 quokkas
  5 frilled lizards
  6 kobolds
  2 rats
67 creatures vanquished.

Notes
Turn   | Place    | Note
-------+----------+-------------------------------------------
     0 | D:1      | Demosthentine the Merfolk Gladiator began the quest for the
                  | Orb.
     0 | D:1      | Reached XP level 1. HP: 16/16 MP: 1/1
   121 | D:1      | Reached XP level 2. HP: 23/23 MP: 2/2
   201 | D:1      | Found a faded altar of an unknown god.
   514 | D:1      | Reached XP level 3. HP: 9/28 MP: 3/3
   970 | D:2      | Noticed an ogre
   984 | D:2      | Killed an ogre
   985 | D:2      | Reached skill level 5 in Polearms
   985 | D:2      | Reached skill level 1 in Armour
   985 | D:2      | Reached skill level 5 in Dodging
   985 | D:2      | Reached XP level 4. HP: 21/35 MP: 4/4
   985 | D:2      | Reached XP level 5. HP: 25/41 MP: 5/5
  1703 | D:3      | Found a blossoming altar of Fedhas.
  2575 | D:4      | Noticed a lemure
  2581 | D:4      | Noticed Pikel
  2582 | D:4      | Reached skill level 6 in Polearms
  2582 | D:4      | Reached XP level 6. HP: 39/48 MP: 6/6
  2629 | D:4      | Blown up by Pikel

Illustrated notes

Levels and vault maps discovered:
D:1:      shiori_shiawase, layout_basic, basic_ecumenical_altar
D:2:      layout_rooms
D:3:      layout_loops_ring, mainiacjoe_overflow_24_doors
D:4:      layout_layer_cave, uniq_pikel

Skill      XL: |  1  2  3  4  5 |
---------------+----------------+-----
Fighting       | 3 |  3.8
Polearms       | 5 6 |  6.1
Armour         | 1 |  1.9
Dodging        | 5 |  5.4
Throwing       | |  2.0

Action                   |  1- 3 |  4- 6 || total
-------------------------+-------+-------++-------
Melee: Trident           |    82 |   151 ||   233
Throw: Throwing net      |     1 |     1 ||     2
  Use: Scroll            |     2 |     6 ||     8
       Potion            |       |     4 ||     4
 Stab: Sleeping          |     5 |     3 ||     8
       Held in net/web   |     2 |       ||     2
       Invisible         |       |     7 ||     7
Armor: Leather armour    |    15 |    23 ||    38
Dodge: Dodged            |    38 |    59 ||    97

Table legend: (Time is in decaauts)
 A = Elapsed time spent in this place.
 B = Non-inter-level travel time spent in this place.
 C = Inter-level travel time spent in this place.
 D = Time resting spent in this place.
 E = Time spent auto-exploring this place.
 F = Levels seen in this place.
 G = Mean time per level.
                   A        B        C        D        E       F      G
               +--------+--------+--------+--------+--------+-----+--------+
         Total |   2632 |   2598 |     34 |      0 |   2151 |   4 |  658.0 |
       Dungeon |   2632 |   2598 |     34 |      0 |   2151 |   4 |  658.0 |
               +--------+--------+--------+--------+--------+-----+--------+

Top non-repeatable levels by time:
     D:1: 897 daAuts
     D:3: 782 daAuts
     D:2: 763 daAuts
     D:4: 188 daAuts
